 Dungeon Crawl Stone Soup version 0.17.0-15-g6d90897 (webtiles) character file.

4085 SKei0 the Fighter (level 10, 42/71 HPs)
             Began as a Gargoyle Fighter on Nov 10, 2015.
             Was a Priest of the Shining One.
             Starved to death
             ... on level 8 of the Dungeon.
             The game lasted 00:20:26 (7363 turns).

SKei0 the Fighter (Gargoyle Fighter)                Turns: 7363, Time: 00:20:27

Health: 42/71      AC: 28    Str: 24    XL:     10   Next: 25%
Magic:  10/10      EV: 10    Int:  8    God:    the Shining One [***...]
Gold:   383        SH:  0    Dex:  9    Spells: 0 memorised, 9 levels left

rFire  . . .     SeeInvis .     y - +2 flail (protect)
rCold  . . .     Clarity  .     w - +0 chain mail
rNeg   + + .     SustAt   .     (no shield)
rPois  ∞         Gourm    .     l - +0 helmet
rElec  +         Spirit   .     t - +0 cloak
rCorr  .         Warding  .     (no gloves)
rMut   .         Stasis   .     v - +1 pair of boots
MR     .....                    (no amulet)
Stlth  ..........               (no ring)
                                E - +2 ring of evasion

@: fainting, glowing, not resistant to hostile enchantments, extremely
unstealthy
A: negative energy resistance 1, electricity resistance, unbreathing,
petrification resistance, rot immunity, AC +7
a: Divine Shield, Renounce Religion


You were on level 8 of the Dungeon.
You worshipped the Shining One.
The Shining One was most pleased with you.
You were fainting.

You visited 1 branch of the dungeon, and saw 8 of its levels.

You collected 383 gold pieces.

Inventory:

Hand Weapons
 a - a +0 flail
 y - a +2 flail of protection (weapon)
 F - the +7 long sword of Quantum Leap {vamp, *Confuse rN+++}
   (You found it on level 8 of the Dungeon)

   It inflicts no extra harm, but heals its wielder somewhat when it strikes a
   living foe.
   It renders you almost immune to negative energy.
   It may confuse you when you take damage.
   The Shining One disapproves of the use of such an item.
Armour
 l - a +0 helmet (worn)
 t - a +0 cloak (worn)
 v - a +1 pair of boots (worn)
 w - a +0 chain mail (worn)
Jewellery
 E - a +2 ring of evasion (left hand)
Wands
 u - a wand of polymorph (24)
Scrolls
 b - 3 scrolls of magic mapping {unknown}
 f - 3 scrolls of identify
 i - 3 scrolls of teleportation
 j - 3 scrolls of remove curse
 q - 2 scrolls of enchant armour
 r - a scroll of recharging
 D - 2 scrolls of amnesia {unknown}
Potions
 d - 2 potions of heal wounds
 g - a potion of resistance {unknown}
 h - 4 potions of flight
 k - a potion of haste {unknown}
 m - a potion of degeneration {unknown}
 n - a potion of lignification {unknown}
 o - 2 potions of brilliance {unknown}
 p - a potion of agility {unknown}
 s - 2 potions of curing
 A - 3 potions of cure mutation
 C - a potion of berserk rage {unknown}
Comestibles
 c - 4 meat rations
 e - 6 bread rations
 z - 7 slices of pizza
 B - 5 beef jerkies


   Skills:
 * Level 11.8 Fighting
 + Level 7.3 Maces & Flails
 + Level 8.4 Armour
   Level 3.2 Shields


You had 9 spell levels left.
You didn't know any spells.

Dungeon Overview and Level Annotations

Branches:
Dungeon (8/15)             Temple (0/1) D:4
   Lair: D:8-11

Altars:
Cheibriados
Dithmenos
Elyvilon
Makhleb
Okawaru
Ru
Vehumet
Xom
Zin
The Shining One

Shops:
D:7 }


Innate Abilities, Weirdness & Mutations

You are resistant to torment.
Your stone body is resilient (AC +7).
You are immune to poison.
You resist negative energy.
You are resistant to electric shocks.
You can survive without breathing.
You are immune to petrification.
You are immune to rotting.


Message History

The hungry ghost hits you.
You feel slightly more hungry.
You closely miss the hungry ghost.
The hungry ghost is heavily damaged.
The hungry ghost hits you.
You feel slightly more hungry.
You closely miss the hungry ghost.
The hungry ghost is heavily damaged.
The hungry ghost hits you.
You feel slightly more hungry. The hungry ghost barely misses you.
You sock the hungry ghost!
The hungry ghost is severely damaged.
The hungry ghost hits you.
You feel slightly more hungry.
You closely miss the hungry ghost.
The hungry ghost is severely damaged.
The hungry ghost hits you.
You sock the hungry ghost!
You destroy the hungry ghost!
The Shining One accepts your kill.
You feel better.
You have starved to death.
You die...

#..................)......
##......##.........##....#
##......##...[.....##....#
#.......##...##....##....#
#.......####+##....##....#
#............#............
######'###...#............
#......##...+............
#........@†..# ..........
#.......##...# #..#####.#
#.......##...# #.. ##.#
##......##...... #...
#########......# #...
...=...# #... .......#
#... .......# #...
######### ####


There were no monsters in sight!

Vanquished Creatures
  A troll (D:8)
  A human (D:7)
  A hungry ghost (D:8)
  A water moccasin (D:8)
  Duvessa (D:5)
  An ice beast (D:4)
  2 orc warriors
  2 phantoms
  2 sky beasts
  A black bear (D:7)
  3 centaurs
  3 ogres
  A crocodile (D:7)
  2 giant frogs
  Dowan (D:5)
  3 scorpions
  8 killer bees
  A crimson imp (D:7)
  8 orc priests
  2 jellies
  A centaur skeleton (D:6)
  3 giant frog skeletons
  A quasit (D:8)
  A hound (D:4)
  12 orc wizards
  An iguana (D:7)
  4 worker ants
  4 sheep (D:7)
  A killer bee zombie (D:8)
  A hound skeleton (D:5)
  8 gnolls
  2 worker ant zombies
  Robin (D:1)
  2 shadow imps (D:5)
  6 adders
  An ooze (D:2)
  5 worms
  34 orcs
  12 giant cockroaches
  16 goblins
  8 hobgoblins
  17 jackals
  A ball python (D:4)
  6 bats
  4 giant geckos
  A giant gecko skeleton (D:4)
  3 giant newts
  2 kobolds (D:2)
  4 quokkas
  5 rats
212 creatures vanquished.

Notes
Turn   | Place    | Note
--------------------------------------------------------------
     0 | D:1      | SKei0 the Gargoyle Fighter began the quest for the Orb.
     0 | D:1      | Reached XP level 1. HP: 14/14 MP: 1/1
   155 | D:1      | Reached XP level 2. HP: 18/20 MP: 2/2
   693 | D:1      | Reached skill level 4 in Fighting
   802 | D:2      | Noticed Robin
   810 | D:1      | Reached XP level 3. HP: 22/24 MP: 3/3
   825 | D:1      | Killed Robin
  1191 | D:2      | Found a radiant altar of Vehumet.
  1382 | D:2      | Reached XP level 4. HP: 27/30 MP: 4/4
  1412 | D:2      | Found a glowing golden altar of the Shining One.
  1439 | D:2      | Became a worshipper of the Shining One
  1929 | D:2      | Found an iron altar of Okawaru.
  2310 | D:4      | Reached skill level 5 in Fighting
  2310 | D:4      | Reached XP level 5. HP: 16/35 MP: 5/5
  2500 | D:4      | Found a staircase to the Ecumenical Temple.
  2572 | D:4      | Reached XP level 6. HP: 11/41 MP: 6/6
  2874 | D:4      | Reached skill level 6 in Fighting
  3002 | D:4      | Reached * piety under the Shining One
  3056 | D:4      | Reached XP level 7. HP: 14/47 MP: 7/7
  3265 | D:4      | Reached skill level 5 in Armour
  3398 | D:4      | Reached skill level 7 in Fighting
  3612 | D:4      | Noticed an ice beast
  3620 | D:4      | Killed an ice beast
  3728 | D:5      | Entered Level 5 of the Dungeon
  3756 | D:5      | Reached XP level 8. HP: 34/54 MP: 8/8
  3911 | D:5      | Reached skill level 8 in Fighting
  3967 | D:5      | Found a shimmering altar of Xom.
  3986 | D:5      | Noticed Duvessa
  3987 | D:5      | Noticed Dowan
  3994 | D:5      | Killed Duvessa
  3994 | D:5      | Reached skill level 5 in Maces & Flails
  4009 | D:5      | Killed Dowan
  4343 | D:5      | Found a sacrificial altar of Ru.
  4797 | D:6      | Reached ** piety under the Shining One
  4825 | D:5      | Reached skill level 9 in Fighting
  5202 | D:6      | Reached XP level 9. HP: 57/60 MP: 9/9
  5212 | D:6      | Found a glowing silver altar of Zin.
  5241 | D:6      | Found a burning altar of Makhleb.
  5300 | D:6      | Found a white marble altar of Elyvilon.
  6049 | D:7      | Reached skill level 10 in Fighting
  6145 | D:7      | Found a snail-covered altar of Cheibriados.
  6372 | D:7      | Found Zudo's Gadget Emporium.
  6642 | D:7      | Found a shadowy altar of Dithmenos.
  6734 | D:7      | Reached skill level 11 in Fighting
  6852 | D:7      | Reached XP level 10. HP: 62/70 MP: 10/10
  7098 | D:8      | Got a slimy long sword
  7099 | D:8      | Identified the +7 long sword of Quantum Leap {vamp, *Confuse rN+++} (You found it on level 8 of the Dungeon)
  7130 | D:8      | Reached *** piety under the Shining One
  7363 | D:8      | Starved to death

Action                   |  1- 3 |  4- 6 |  7- 9 | 10-12 || total
-------------------------+-------+-------+-------+-------++-------
Melee: Flail             |   131 |   168 |   417 |    93 ||   809
  Use: Potion            |       |     1 |       |       ||     1
       Scroll            |       |       |     7 |     3 ||    10
  Eat: Chunk             |     1 |     2 |    12 |     2 ||    17
       Meat ration       |       |     1 |       |       ||     1
